 Dungeon Crawl Stone Soup version 0.14.0-24-gfb45beb (webtiles) character file.

138 Kae the Firebug (level 3, 0/19 HPs)
             Began as a Tengu Fire Elementalist on Apr 23, 2014.
             Was an Initiate of Vehumet.
             Killed from afar by patrikchr's ghost (8 damage)
             ... with a magic dart
             ... on Level 3 of the Dungeon.
             The game lasted 00:03:21 (2072 turns).

Kae the Firebug (Tengu Fire Elementalist)           Turns: 2072, Time: 00:03:21

HP   0/19        AC  2     Str  8      XL: 3   Next: 89%
MP   4/7         EV 12     Int 16      God: Vehumet [......]
Gold 85          SH  0     Dex 14      Spells:  3 memorised,  0 levels left

rFire  . . .     SeeInvis .     (no weapon)
rCold  . . .     Clarity  .     a - +0 robe
rNeg   . . .     Conserve .     (no shield)
rPois  .         rCorr    .     (helmet restricted)
rElec  .         rRot     .     (no cloak)
SustAb . .       Spirit   .     (no gloves)
rMut   .         Warding  .     (boots unavailable)
Saprov . . .     Stasis   .     (no amulet)
MR     .....                    (no ring)
                                (no ring)

@: confused, very slightly contaminated, not resistant to hostile enchantments,
very unstealthy
A: beak, talons 3
a: Renounce Religion


You were on level 3 of the Dungeon.
You worshipped Vehumet.
Vehumet was noncommittal.
You were hungry.

You visited 1 branch of the dungeon, and saw 3 of its levels.

You collected 85 gold pieces.

Inventory:

Armour
 a - a +0 robe (worn)
Comestibles
 c - 3 bread rations
 f - a choko
 g - a pear
 h - an apple
 i - 2 meat rations
 l - a beef jerky
 o - a rotting chunk of quokka flesh
Scrolls
 e - 4 scrolls of identify {unknown}
 j - a scroll of noise {unknown}
 k - a scroll of fog {unknown}
 m - a scroll of fear {unknown}
 n - 4 scrolls of enchant armour {unknown}
Potions
 d - 5 potions of curing {unknown}
Books
 b - a book of Flames

   Spells                             Type                      Level
   *Flame Tongue                      Conjuration/Fire             1
   *Throw Flame                       Conjuration/Fire             2
   *Conjure Flame                     Conjuration/Fire             3
   Inner Flame                        Hexes/Fire                   3
   Sticky Flame                       Conjuration/Fire             4
   Fireball                           Conjuration/Fire             5


   Skills:
 - Level 2.1 Dodging
 - Level 2.0 Stealth
 + Level 2.3 Spellcasting
 * Level 3.6 Conjurations
 * Level 3.8 Fire Magic


You couldn't memorise any spells.
You knew the following spells:

 Your Spells              Type           Power        Failure   Level  Hunger
a - Flame Tongue          Conj/Fire      ##...        6%          1    #......
b - Throw Flame           Conj/Fire      ##....       10%         2    ##.....
c - Conjure Flame         Conj/Fire      ##......     14%         3    ####...


Dungeon Overview and Level Annotations

Branches:
Dungeon (3/15)

Altars:
Nemelex Xobeh
Vehumet

Annotations:
D:3 patrikchr's ghost, average DEWz


Innate Abilities, Weirdness & Mutations

You have a beak for a mouth.
You have claws for feet.


Message History

The ball explodes into a vile cloud!
You stop butchering the corpse.
The stinking cloud engulfs you!
You are engulfed in noxious fumes.
You choke on the stench!
You are confused.
You start butchering the hobgoblin corpse.
You continue butchering the corpse.
You are engulfed in noxious fumes.
You choke on the stench!
You are more confused.
You stop butchering the corpse.
Patrikchr's ghost gestures at you while chanting.
The magic dart hits you!
Ouch! You are engulfed in noxious fumes.
You choke on the stench!
You are more confused.
Unknown command.
Ouch! You are engulfed in noxious fumes.
You choke on the stench!
You are more confused.
Unknown command.
Patrikchr's ghost points at you and mumbles some strange words.
The magic dart hits you!
You die...

#.#
####(###.###.#
........<..rp#
####.###.#####
#.# #p# #§#
#####.###.#
........§@#
##.########


You could see patrikchr's ghost.

Vanquished Creatures
  2 adders (D:2)
  A giant gecko (D:2)
  An orc (D:3)
  7 hobgoblins
  2 quokkas (D:2)
  A ball python (D:1)
  5 bats
  2 giant newts
  5 goblins
  6 kobolds
  A rat (D:1)
33 creatures vanquished.

Notes
Turn   | Place    | Note
--------------------------------------------------------------
     0 | D:1      | Kae, the Tengu Fire Elementalist, began the quest for the Orb.
     0 | D:1      | Reached XP level 1. HP: 10/10 MP: 3/3
   434 | D:1      | Reached XP level 2. HP: 3/15 MP: 0/5
   929 | D:2      | Found a radiant altar of Vehumet.
   936 | D:2      | Found a sparkling altar of Nemelex Xobeh.
   940 | D:2      | Became a worshipper of Vehumet
  1168 | D:2      | Learned a level 2 spell: Throw Flame
  1277 | D:2      | Reached XP level 3. HP: 17/19 MP: 5/7
  1973 | D:3      | Noticed patrikchr's ghost (average DEWz)
  2059 | D:2      | Learned a level 3 spell: Conjure Flame
  2072 | D:3      | Killed from afar by patrikchr's ghost

Action                   || total
-------------------------++-------
Melee: Unarmed           ||    19
 Cast: Flame Tongue      ||    57
       Throw Flame       ||     5
 Stab: Sleeping          ||     2
